 Dungeon Crawl Stone Soup version 0.20.0-8-g6b59dc7 (webtiles) character file.

149 fht4gn the Magician (level 5, -3/29 HPs)
             Began as a Deep Elf Wizard on May 31, 2017.
             Slain by a scorpion (7 damage)
             ... on level 4 of the Dungeon.
             The game lasted 00:21:10 (2196 turns).

fht4gn the Magician (Deep Elf Wizard)               Turns: 2196, Time: 00:21:14

Health: -3/29      AC:  2    Str:  5    XL:     5   Next: 9%
Magic:  7/14       EV: 13    Int: 23    God:
Gold:   190        SH:  0    Dex: 13    Spells: 6/14 levels left

rFire    + . .     SeeInvis .   a - +3 short sword (vamp)
rCold    . . .     Gourm    .   (no shield)
rNeg     . . .     Faith    .   l - +0 robe
rPois    .         Spirit   .   b - +0 hat
rElec    .         Reflect  .   (no cloak)
rCorr    .         Harm     .   (no gloves)
MR       .....                  (no boots)
Stlth    ++........             (no amulet)
Regen    0.1/turn               k - ring of protection from fire
MPRegen  0.2/turn               (no ring)

@: lethally poisoned (-3 -> -16), very slightly contaminated
A: no striking features
a: no special abilities


You were on level 4 of the Dungeon.
You were not hungry.

You visited 1 branch of the dungeon, and saw 5 of its levels.

You collected 190 gold pieces.

Inventory:

Hand Weapons
 a - a +3 vampiric short sword (weapon)
 m - a +0 dagger
Missiles
 t - 24 arrows
Armour
 b - a +0 hat (worn)
 l - a +0 robe (worn)
Jewellery
 k - a ring of protection from fire (left hand)
Wands
 q - a wand of random effects (22/48)
Scrolls
 f - 2 scrolls of blinking
 h - a scroll of enchant armour {unknown}
 j - a scroll of magic mapping {unknown}
 n - a scroll of fear {unknown}
 p - 3 scrolls of identify
 s - a scroll of remove curse {unknown}
 v - a scroll of immolation {unknown}
 x - a scroll of teleportation {unknown}
 y - a scroll of enchant weapon {unknown}
Potions
 e - a potion of invisibility {unknown}
 o - a potion of heal wounds {unknown}
 r - 2 potions of resistance {unknown}
 u - 3 potions of curing {unknown}
 w - a potion of lignification {unknown}
Books
 c - a book of Minor Magic

   Spells                             Type                      Level
   a - Magic Dart                     Conjuration                  1
   b - Blink                          Translocation                2
   c - Call Imp                       Summoning                    2
   d - Slow                           Hexes                        2
   e - Conjure Flame                  Conjuration/Fire             3
   f - Mephitic Cloud                 Conjuration/Poison/Air       3
Comestibles
 d - 3 bread rations
 g - 2 chunks of flesh
 i - 2 meat rations


   Skills:
 + Level 1.0 Fighting
 + Level 1.1 Short Blades
 - Level 3.0 Dodging
 - Level 3.0 Stealth
 + Level 5.0 Spellcasting
 - Level 2.0 Conjurations
 * Level 2.9 Hexes
   Level 1.1 Summonings
 - Level 1.1 Translocations
 - Level 1.0 Air Magic
 - Level 1.0 Poison Magic


You had 6 spell levels left.
You knew the following spells:

 Your Spells              Type           Power        Failure   Level  Hunger
a - Magic Dart            Conj           ###.         4%          1    None
b - Slow                  Hex            ###.....     4%          2    None
c - Blink                 Tloc           N/A          9%          2    None
d - Mephitic Cloud        Conj/Pois/Air  ##......     16%         3    ##.....


Dungeon Overview and Level Annotations

Branches:
Dungeon (5/15)
 Temple: D:4-7

Altars:
Fedhas
Xom

Annotations:
D:1 cleared
D:2 !, Terence
D:3 cleared


Message History

You open the door.
The shadow imp sputters.
The shadow imp hits you.
* * * LOW HITPOINT WARNING * * *
Found 15 gold pieces.
Found a ring mail.
There is an open door here.
A leopard gecko comes into view.
Found 13 gold pieces and a scroll labeled UZEENE JYET.
Found a stone staircase leading up.
Found 2 green potions.
You see here 13 gold pieces.
There is a stone staircase leading up here.
You climb upwards.
A giant cockroach and a scorpion come into view.
The scorpion stings you.
* * * LOW HITPOINT WARNING * * *
You are lethally poisoned!
The scorpion poisons you! The scorpion stings you!
You die...

.s. .. .. ## . ##. ##
.# ..######.. .. .#
.........### #.#
.###.......s...# ...
... .......@...#
#.##.####..........#
#..................#
##.#........>......#
##....h.............#
.§h#<.?.....?...$...#
######.......########
#.....# .....


You could see a scorpion and a giant cockroach (sleeping).

Vanquished Creatures
  A centaur skeleton (D:4)
  4 adders
  An ooze (D:3)
  2 worms (D:3)
  3 dart slugs
  4 leopard geckos
  4 bats
  A giant cockroach (D:1)
  13 goblins
  7 hobgoblins
  4 jackals (D:3)
  4 kobolds
  A quokka (D:3)
  A ball python (D:1)
  9 frilled lizards
  8 rats
67 creatures vanquished.

Notes
Turn   | Place    | Note
-------+----------+-------------------------------------------
     0 | D:1      | fht4gn the Deep Elf Wizard began the quest for the Orb.
     0 | D:1      | Reached XP level 1. HP: 10/10 MP: 7/7
   225 | D:1      | Reached XP level 2. HP: 15/15 MP: 2/9
   362 | D:1      | Learned a level 2 spell: Slow
   365 | D:1      | Learned a level 2 spell: Blink
   715 | D:2      | Found a shimmering altar of Xom.
   752 | D:2      | Reached XP level 3. HP: 16/20 MP: 7/11
   760 | D:2      | Learned a level 3 spell: Mephitic Cloud
  1051 | D:2      | Reached skill level 1 in Hexes
  1133 | D:2      | Reached XP level 4. HP: 17/24 MP: 5/12
  1147 | D:2      | Noticed Terence
  1383 | D:3      | Reached skill level 1 in Air Magic
  1656 | D:3      | Found a blossoming altar of Fedhas.
  1829 | D:3      | Reached skill level 1 in Short Blades
  1960 | D:3      | Reached skill level 1 in Fighting
  2156 | D:4      | Reached skill level 5 in Spellcasting
  2156 | D:4      | Reached skill level 1 in Poison Magic
  2156 | D:4      | Reached XP level 5. HP: 11/29 MP: 4/14
  2168 | D:5      | Entered Level 5 of the Dungeon
  2196 | D:4      | Slain by a scorpion

Skill      XL: |  1  2  3  4 |
---------------+-------------+-----
Dodging        | 3 |  3.0
Conjurations   | 2 |  2.0
Hexes          | 1 2 |  2.9
Air Magic      | 1 |  1.0
Short Blades   | 1 |  1.1
Stealth        | 3 |  3.0
Fighting       | 1 |  1.0
Spellcasting   | 5 |  5.0
Poison Magic   | 1 |  1.0
Summonings     | |  1.1
Translocations | |  1.1

Action                   |  1- 3 |  4- 6 || total
-------------------------+-------+-------++-------
Melee: Dagger            |    19 |     5 ||    24
       Short sword       |       |    40 ||    40
 Cast: Magic Dart        |    82 |    66 ||   148
       Slow              |       |     3 ||     3
       Blink             |       |     1 ||     1
  Use: Scroll            |       |     2 ||     2
 Stab: Sleeping          |     2 |     2 ||     4
       Distracted        |       |     1 ||     1
  Eat: Chunk             |     1 |     3 ||     4
       Bread ration      |       |     1 ||     1
Armor: Robe              |     6 |     5 ||    11
Dodge: Dodged            |    36 |    23 ||    59
